Map: Newkirk Precinct TE (Void)

Players

WayTeh - Winner!

  • Race: Protoss Protoss
  • League: Master
  • Spawn Location: 5:00

A.I. 1 (Very Easy)

  • Race: Protoss Protoss
  • Spawn Location: 7:00

VOD

Have the link to the VOD?

Description

Time

  • Played on: Feb. 14, 2017, 12:30 p.m.
  • Length: 13:33
Show
View Real Time Build Order
Export as new Build Order

WayTeh Protoss - Winner!

Build Orders:  

Get SALT Encoding   

  12  0:01  Probe (Chrono Boost)  
  13  0:11  Probe (Chrono Boost)  
  14  0:19  Pylon  
  14  0:22  Probe (Chrono Boost)  
  15  0:37  Probe (Chrono Boost)  
  15  0:38  Gateway  
  16  0:48  Probe (Chrono Boost)  
  16  0:49  Assimilator  
  17  0:58  Probe (Chrono Boost)  
  17  0:59  Assimilator  
  18  1:09  Probe (Chrono Boost)  
  18  1:11  Gateway  
  19  1:19  Probe (Chrono Boost)  
  20  1:27  Cybernetics Core  
  20  1:30  Probe (Chrono Boost)  
  21  1:34  Pylon  
  21  1:40  Probe (Chrono Boost)  
  22  1:51  Probe (Chrono Boost), Warp Gate  
  23  2:04  Stalker x2  
  27  2:15  Pylon, Mothership Core (Chrono Boost)  
  29  2:34  Stalker x2  
  33  2:48  Probe (Chrono Boost)  
  34  3:06  Nexus  
  34  3:08  Sentry  
  34  3:09  Sentry  
  38  3:14  Pylon  
  38  3:19  Probe (Chrono Boost)  
  39  3:30  Robotics Facility  
  40  3:35  Probe (Chrono Boost)  
  40  3:46  Probe (Chrono Boost)  
  41  3:57  Probe (Chrono Boost)  
  42  4:03  Twilight Council  
  42  4:07  Probe (Chrono Boost)  
  43  4:16  Pylon  
  43  4:18  Probe (Chrono Boost), Observer  
  43  4:21  Probe (Chrono Boost)  
  46  4:28  Probe (Chrono Boost)  
  47  4:31  Probe (Chrono Boost)  
  47  4:34  Blink  
  48  4:39  Probe (Chrono Boost)  
  48  4:42  Probe (Chrono Boost)  
  48  4:43  Immortal  
  54  4:49  Probe (Chrono Boost)  
  54  4:50  Pylon  
  56  4:53  Probe (Chrono Boost)  
  56  5:00  Probe (Chrono Boost)  
  56  5:04  Assimilator  
  56  5:05  Assimilator  
  56  5:06  Stalker  
  59  5:07  Stalker  
  59  5:11  Probe x2 (Chrono Boost)  
  63  5:22  Probe x2 (Chrono Boost)  
  63  5:27  Immortal  
  65  5:32  Probe x2 (Chrono Boost)  
  71  5:35  Pylon  
  71  5:37  Pylon  
  71  5:43  Stalker  
  71  5:44  Sentry  
  75  5:57  Gateway  
  75  5:58  Gateway  
  75  6:00  Gateway  
  75  6:04  Gateway  
  75  6:10  Gateway  
  75  6:14  Warp Prism  
  75  6:24  Templar Archives  
  75  6:25  Sentry x2  
  81  6:40  Nexus  
  81  6:45  Pylon  
  81  6:46  Pylon  
  81  6:53  Forge  
  81  6:58  Robotics Bay  
  81  7:03  Probe x2 (Chrono Boost)  
  83  7:10  Immortal  
  83  7:14  Protoss Ground Weapons Level 1  
  87  7:20  Probe x2 (Chrono Boost)  
  89  7:25  Robotics Facility  
  89  7:32  Probe x2 (Chrono Boost)  
  89  7:36  Assimilator  
  91  7:41  Assimilator  
  91  7:42  Pylon  
  93  7:44  Probe x2 (Chrono Boost)  
  93  7:53  Probe (Chrono Boost)  
  93  7:56  Probe x2 (Chrono Boost)  
  96  7:58  Disruptor  
  96  8:03  Probe (Chrono Boost)  
  100  8:08  Probe x2 (Chrono Boost), High Templar x2  
  100  8:09  Disruptor  
  100  8:12  Archon  
  109  8:23  Stalker x2  
  109  8:24  Stalker x3  
  119  8:33  Disruptor  
  122  8:34  Probe x2 (Chrono Boost)  
  122  8:35  Probe (Chrono Boost)  
  122  8:41  Disruptor  
  125  8:46  Probe (Chrono Boost)  
  125  8:47  Probe (Chrono Boost)  
  130  8:50  Stalker  
  132  8:55  Pylon  
  132  8:56  Pylon  
  132  8:59  Protoss Ground Weapons Level 2  
  132  9:00  Nexus  
  132  9:08  Disruptor  
  132  9:09  Pylon  
  132  9:12  Disruptor  
  132  9:14  Pylon  
  138  9:26  Stalker  
  138  9:27  Stalker x2  
  138  9:30  Pylon  
  144  9:35  Pylon  
  144  9:40  Pylon  
  144  9:42  Stalker x3  
  150  9:47  Disruptor  
  150  9:48  Disruptor  
  150  9:52  Pylon  
  153  9:56  Pylon  
  156  10:15  Stalker x7  
  170  10:25  Pylon  
  170  10:26  Pylon  
  170  10:33  Stargate x2  
  170  10:36  Stargate  
  170  10:43  Assimilator  
  170  10:45  Assimilator  
  170  10:54  Protoss Ground Weapons Level 3  
  170  11:08  Stalker  
  170  11:09  Stalker x6  
  184  11:27  Fleet Beacon  
  184  11:29  Pylon x2  
  184  11:32  Stalker x2  
  184  11:33  Stalker x2  
  188  11:57  Stalker x6  
Show
View Real Time Build Order
Export as new Build Order

A.I. 1 (Very Easy) Protoss 

Build Orders:  

Get SALT Encoding   

  12  0:01  Probe (Chrono Boost)  
  13  0:11  Probe (Chrono Boost)  
  14  0:22  Pylon  
  14  0:36  Assimilator  
  14  0:43  Gateway  
  14  0:46  Pylon  
  14  1:14  Assimilator  
  14  1:19  Probe (Chrono Boost)  
  15  1:30  Probe (Chrono Boost)  
  16  1:34  Cybernetics Core  
  16  1:40  Probe (Chrono Boost)  
  17  1:51  Probe (Chrono Boost)  
  18  1:57  Warp Gate  
  19  2:01  Probe (Chrono Boost)  
  19  2:10  Stalker  
  19  2:13  Probe (Chrono Boost)  
  22  3:45  Stalker  
  22  3:47  Probe (Chrono Boost)  
  24  3:49  Pylon  
  24  4:22  Zealot  
  26  4:51  Stalker  
  28  5:33  Probe (Chrono Boost)  
  28  5:35  Robotics Facility  
  29  5:37  Pylon  
  29  5:43  Probe (Chrono Boost)  
  29  5:46  Zealot  
  32  5:55  Probe (Chrono Boost)  
  33  5:58  Nexus  
  33  6:06  Probe (Chrono Boost)  
  34  6:17  Probe (Chrono Boost)  
  29  6:22  Observer  
  28  6:28  Probe (Chrono Boost)  
  29  6:41  Stalker  
  29  6:42  Observer  
  31  7:11  Probe (Chrono Boost)  
  32  7:17  Probe (Chrono Boost)  
  32  7:20  Assimilator  
  33  7:23  Assimilator  
  33  7:25  Probe (Chrono Boost)  
  34  7:33  Probe (Chrono Boost)  
  34  7:36  Zealot  
  37  7:39  Probe (Chrono Boost)  
  38  7:47  Probe (Chrono Boost)  
  39  7:54  Probe (Chrono Boost)  
  40  8:01  Probe (Chrono Boost)  
  41  8:08  Probe (Chrono Boost)  
  42  8:15  Probe (Chrono Boost)  
  43  8:22  Probe (Chrono Boost)  
  44  8:30  Probe (Chrono Boost)  
  45  8:36  Probe (Chrono Boost)  
  46  8:43  Probe (Chrono Boost)  
  47  8:51  Probe (Chrono Boost)  
  48  11:01  Warp Prism  
  50  11:06  Stalker, Gateway  
  50  11:08  Stargate  
  46  11:12  Robotics Bay  
  46  11:15  Pylon  
  46  11:36  Zealot  
  46  11:37  Observer  
  49  11:44  Pylon  
  49  11:47  Probe (Chrono Boost)  
  47  11:54  Gateway  
  32  12:02  Probe (Chrono Boost)  
  32  12:05  Stalker  
  31  12:11  Pylon  
  31  12:13  Probe (Chrono Boost)  
  12  12:24  Pylon  
Tags
 
Add a new tag
Caveats
  • Supply blocks, unpowered buildings, or Contaminate may cause inaccurate times.
  • Supply counts are checked every 10 seconds.